PAA
SUN PRAIRIE SWALLOWS @ TACOMA FUR TRADERS
09/17/2025
 
TOP OF THE 1ST
Sun Prairie Swallows batting - Pitching for Tacoma Fur Traders : RHP Woo-suk Cho
Pitching: RHP Woo-suk Cho
Batting: RHB José Silva 0-0: Ball
1-0: Called Strike
1-1: Foul Ball, location: 2F
1-2: Ball
2-2: Foul Ball, location: 2F
2-2: Strikes out swinging
Batting: RHB Ghislain Vespucci 0-0: Swinging Strike
0-1: Foul Ball, location: 2F
0-2: Foul Ball, location: 2F
0-2: Ball
1-2: Strikes out swinging
Batting: RHB Bobby Butterfield 0-0: Fly out, F7 (Flyball, 7)
Top of the 1st over - 0 run(s), 0 hit(s), 0 error(s), 0 left on base; Sun Prairie 0 - Tacoma 0
BOTTOM OF THE 1ST
Tacoma Fur Traders batting - Pitching for Sun Prairie Swallows : RHP Bob Payne
Pitching: RHP Bob Payne
Batting: RHB Andy Moore 0-0: Ball
1-0: Ball
2-0: Swinging Strike
2-1: Ball
3-1: Foul Ball, location: 2F
3-2: DOUBLE (Line Drive, 9LD)
Batting: RHB Jenkins Hall 0-0: Fly out, F9 (Flyball, 9LSF)
Batting: RHB Rubén Alvarado 0-0: Called Strike
0-1: Foul Ball, location: 2F
0-2: Ball
1-2: Foul Ball, location: 2F
1-2: Foul Ball, location: 2F
1-2: Fly out, F9 (Flyball, 9)
Throwing error, E9
Andy Moore scores
Batting: RHB Luis Flores 0-0: Called Strike
0-1: Fly out, F4 (Line Drive, 4D)
Bottom of the 1st over - 1 run(s), 1 hit(s), 1 error(s), 0 left on base; Sun Prairie 0 - Tacoma 1
TOP OF THE 2ND
Sun Prairie Swallows batting - Pitching for Tacoma Fur Traders : RHP Woo-suk Cho
Batting: RHB Luis Hernández 0-0: Fly out, F6 (Popup, 56D)
Batting: RHB José Sánchez 0-0: Ball
1-0: Ground out U3 (Groundball, 3L)
Batting: RHB Cosmo Bjorkenheim 0-0: Foul Ball, location: 2F
0-1: Swinging Strike
0-2: Ball
1-2: Ground out 6-3 (Groundball, 6)
Top of the 2nd over - 0 run(s), 0 hit(s), 0 error(s), 0 left on base; Sun Prairie 0 - Tacoma 1
BOTTOM OF THE 2ND
Tacoma Fur Traders batting - Pitching for Sun Prairie Swallows : RHP Bob Payne
Batting: RHB Iván Rodríguez 0-0: Called Strike
0-1: SINGLE (Groundball, 6MD)
Batting: LHB Michael Whorton 0-0: Called Strike
0-1: Foul Ball, location: 2F
0-2: Ball
1-2: Ball
2-2: Ball
3-2: Fly out, F4 (Line Drive, 4M)
Batting: SHB Carlos Alicea 0-0: Called Strike
0-1: Ball
1-1: Foul Ball, location: 2F
1-2: Foul Ball, location: 2F
1-2: Ball
2-2: Fielders Choice at 2nd, 4-6 (Groundball, 34)
Batting: RHB Rex Long 0-0: Ball
1-0: Swinging Strike
1-1: Ball
2-1: Called Strike
2-2: Strikes out swinging
Bottom of the 2nd over - 0 run(s), 1 hit(s), 0 error(s), 1 left on base; Sun Prairie 0 - Tacoma 1
TOP OF THE 3RD
Sun Prairie Swallows batting - Pitching for Tacoma Fur Traders : RHP Woo-suk Cho
Batting: RHB Marcos Rivera 0-0: Called Strike
0-1: Swinging Strike
0-2: Ball
1-2: Ball
2-2: Fly out, F7 (Flyball, 78D)
Batting: RHB Dan Hart 0-0: Swinging Strike
0-1: Called Strike
0-2: Foul Ball, location: 2F
0-2: Strikes out looking
Batting: RHB Darby Carveth 0-0: Called Strike
0-1: Ball
1-1: Fly out, F6 (Line Drive, 6)
Top of the 3rd over - 0 run(s), 0 hit(s), 0 error(s), 0 left on base; Sun Prairie 0 - Tacoma 1
BOTTOM OF THE 3RD
Tacoma Fur Traders batting - Pitching for Sun Prairie Swallows : RHP Bob Payne
Batting: SHB Vicente Pueblo 0-0: Fly out, F7 (Flyball, 7S)
Batting: RHB Andy Moore 0-0: Bunted foul
0-1: Called Strike
0-2: Ball
1-2: Ground out 3-1 (Groundball, 34)
Batting: RHB Jenkins Hall 0-0: Ball
1-0: Ground out 5-3 (Groundball, 56S)
Bottom of the 3rd over - 0 run(s), 0 hit(s), 0 error(s), 0 left on base; Sun Prairie 0 - Tacoma 1
TOP OF THE 4TH
Sun Prairie Swallows batting - Pitching for Tacoma Fur Traders : RHP Woo-suk Cho
Batting: RHB José Silva 0-0: Called Strike
0-1: Ground out 5-3 (Groundball, 56)
Batting: RHB Ghislain Vespucci 0-0: Fly out, F9 (Flyball, 9S)
Batting: RHB Bobby Butterfield 0-0: Called Strike
0-1: Ball
1-1: Ball
2-1: Fly out, F7 (Flyball, 78M)
Top of the 4th over - 0 run(s), 0 hit(s), 0 error(s), 0 left on base; Sun Prairie 0 - Tacoma 1
BOTTOM OF THE 4TH
Tacoma Fur Traders batting - Pitching for Sun Prairie Swallows : RHP Bob Payne
Batting: RHB Rubén Alvarado 0-0: Swinging Strike
0-1: Foul Ball, location: 2F
0-2: Foul Ball, location: 2F
0-2: Foul Ball, location: 2F
0-2: Fly out, F8 (Flyball, 8LD)
Batting: RHB Luis Flores 0-0: Ball
1-0: Foul Ball, location: 2F
1-1: Ball
2-1: Ball
3-1: Base on Balls
Batting: RHB Iván Rodríguez 0-0: Called Strike
0-1: Foul Ball, location: 2F
0-2: Ball
1-2: Strikes out looking
Batting: LHB Michael Whorton 0-0: Foul Ball, location: 2F
0-1: Foul Ball, location: 2F
0-2: Ball
1-2: Ball
Wild Pitch!
Luis Flores to second
2-2: Foul Ball, location: 2F
2-2: Foul Ball, location: 2F
2-2: Ball
3-2: SINGLE (Groundball, 34D)
Luis Flores to third
Luis Flores scores
Pitching: RHP Roelof van den Hoek
Batting: SHB Carlos Alicea 0-0: Called Strike
0-1: Ball
1-1: Ball
2-1: Called Strike
Michael Whorton steals 2nd base
2-2: SINGLE (Flyball, 7LS) - OUT at second base trying to stretch hit.
Michael Whorton scores
Bottom of the 4th over - 2 run(s), 2 hit(s), 0 error(s), 0 left on base; Sun Prairie 0 - Tacoma 3
TOP OF THE 5TH
Sun Prairie Swallows batting - Pitching for Tacoma Fur Traders : RHP Woo-suk Cho
Batting: RHB Luis Hernández 0-0: Ball
1-0: Ground out 5-3 (Groundball, 56)
Batting: RHB José Sánchez 0-0: Ball
1-0: Called Strike
1-1: Ball
2-1: Foul Ball, location: 2F
2-2: Ground out 2-3 (Groundball, 2R)
Batting: RHB Cosmo Bjorkenheim 0-0: Ball
1-0: Ball
2-0: Ball
3-0: Called Strike
3-1: Foul Ball, location: 2F
3-2: Foul Ball, location: 2F
3-2: Foul Ball, location: 2F
3-2: Strikes out swinging
Top of the 5th over - 0 run(s), 0 hit(s), 0 error(s), 0 left on base; Sun Prairie 0 - Tacoma 3
BOTTOM OF THE 5TH
Tacoma Fur Traders batting - Pitching for Sun Prairie Swallows : RHP Roelof van den Hoek
Batting: RHB Rex Long 0-0: Called Strike
0-1: Ground out 6-3 (Groundball, 6)
Batting: SHB Vicente Pueblo 0-0: Ball
1-0: Foul Ball, location: 2F
1-1: Called Strike
1-2: Strikes out swinging
Batting: RHB Andy Moore 0-0: Ball
1-0: Called Strike
1-1: Ball
2-1: Fly out, F8 (Flyball, 8RD)
Bottom of the 5th over - 0 run(s), 0 hit(s), 0 error(s), 0 left on base; Sun Prairie 0 - Tacoma 3
TOP OF THE 6TH
Sun Prairie Swallows batting - Pitching for Tacoma Fur Traders : RHP Woo-suk Cho
Batting: RHB Marcos Rivera 0-0: Ball
1-0: Called Strike
1-1: Called Strike
1-2: Ball
2-2: Foul Ball, location: 2F
2-2: Ball
3-2: SINGLE (Line Drive, 56D)
Batting: RHB Dan Hart 0-0: Sac Bunt - play at first, batter OUT! 5-3
Marcos Rivera to second
Batting: RHB Darby Carveth 0-0: Foul Ball, location: 2F
0-1: Ball
1-1: Swinging Strike
1-2: Ball
2-2: Foul Ball, location: 2F
2-2: Ground out 4-3 (Groundball, 4)
Marcos Rivera to third
Batting: RHB José Silva 0-0: Called Strike
0-1: Ground out 6-3 (Groundball, 6S)
Top of the 6th over - 0 run(s), 1 hit(s), 0 error(s), 1 left on base; Sun Prairie 0 - Tacoma 3
BOTTOM OF THE 6TH
Tacoma Fur Traders batting - Pitching for Sun Prairie Swallows : RHP Roelof van den Hoek
Batting: RHB Jenkins Hall 0-0: Called Strike
0-1: Ball
1-1: Ball
2-1: Ball
3-1: Base on Balls
Batting: RHB Rubén Alvarado 0-0: Ball
1-0: SINGLE (Line Drive, 8LS)
Jenkins Hall to second
Batting: RHB Luis Flores 0-0: Called Strike
0-1: Called Strike
0-2: Grounds into double play, 4-6-3 (Groundball, 4)
Jenkins Hall to third
Batting: RHB Iván Rodríguez 0-0: Called Strike
0-1: Ball
1-1: Foul Ball, location: 2F
1-2: Ball
2-2: Ground out 5-3 (Groundball, 56S)
Bottom of the 6th over - 0 run(s), 1 hit(s), 0 error(s), 1 left on base; Sun Prairie 0 - Tacoma 3
TOP OF THE 7TH
Sun Prairie Swallows batting - Pitching for Tacoma Fur Traders : RHP Woo-suk Cho
Batting: RHB Ghislain Vespucci 0-0: Foul Ball, location: 2F
0-1: Ball
1-1: Fly out, F7 (Line Drive, 7D)
Batting: RHB Bobby Butterfield 0-0: Ball
1-0: SOLO HOME RUN (Flyball, 8LXD), Distance : 441 ft
Batting: RHB Luis Hernández 0-0: Foul Ball, location: 2F
0-1: Ball
1-1: Foul Ball, location: 2F
1-2: Ball
2-2: Ball
3-2: Strikes out swinging
Batting: RHB José Sánchez 0-0: Ball
1-0: Ball
2-0: Ground out 3-1 (Groundball, 34)
Top of the 7th over - 1 run(s), 1 hit(s), 0 error(s), 0 left on base; Sun Prairie 1 - Tacoma 3
BOTTOM OF THE 7TH
Tacoma Fur Traders batting - Pitching for Sun Prairie Swallows : RHP Roelof van den Hoek
Batting: LHB Michael Whorton 0-0: Ball
1-0: Foul Ball, location: 2F
1-1: Foul Ball, location: 2F
1-2: Ball
2-2: Ground out U3 (Groundball, 3L)
Batting: SHB Carlos Alicea 0-0: SINGLE (Line Drive, 4M)
Batting: RHB Rex Long 0-0: Ball
1-0: Called Strike
1-1: Ball
2-1: Foul Ball, location: 2F
2-2: Ball
3-2: Grounds into double play, 6-4-3 (Groundball, 6)
Bottom of the 7th over - 0 run(s), 1 hit(s), 0 error(s), 0 left on base; Sun Prairie 1 - Tacoma 3
TOP OF THE 8TH
Sun Prairie Swallows batting - Pitching for Tacoma Fur Traders : RHP Woo-suk Cho
Batting: RHB Cosmo Bjorkenheim 0-0: Fly out, F5 (Line Drive, 5)
Batting: RHB Marcos Rivera 0-0: Ball
1-0: Ball
2-0: Foul Ball, location: 2F
2-1: Swinging Strike
2-2: Ground out 6-3 (Groundball, 6)
Batting: RHB Dan Hart 0-0: SINGLE (Flyball, 8RS)
Batting: RHB Darby Carveth 0-0: Foul Ball, location: 2F
0-1: Swinging Strike
0-2: Foul Ball, location: 2F
0-2: Fly out, F9 (Flyball, 9S)
Top of the 8th over - 0 run(s), 1 hit(s), 0 error(s), 1 left on base; Sun Prairie 1 - Tacoma 3
BOTTOM OF THE 8TH
Tacoma Fur Traders batting - Pitching for Sun Prairie Swallows : RHP Roelof van den Hoek
Batting: SHB Vicente Pueblo 0-0: Ball
1-0: Ball
2-0: Foul Ball, location: 2F
2-1: Swinging Strike
2-2: Ball
3-2: Base on Balls
Batting: RHB Andy Moore 0-0: Bunted foul
0-1: Sac Bunt - play at first, batter OUT! U3
Vicente Pueblo to second
Pitching: RHP Kyle MacRae
Batting: RHB Jenkins Hall 0-0: Fly out, F8 (Line Drive, 8RS)
Batting: RHB Rubén Alvarado 0-0: Ball
1-0: Ball
2-0: Called Strike
2-1: Ball
3-1: Foul Ball, location: 2F
3-2: Base on Balls
Batting: RHB Luis Flores 0-0: Ball
1-0: Reached on error, E3 (Groundball, 34)
Vicente Pueblo to third
Rubén Alvarado to second
Batting: RHB Iván Rodríguez 0-0: Foul Ball, location: 2F
0-1: Foul Ball, location: 2F
0-2: Ball
1-2: Fielders Choice at 2nd, 6-4 (Groundball, 6)
Bottom of the 8th over - 0 run(s), 0 hit(s), 1 error(s), 2 left on base; Sun Prairie 1 - Tacoma 3
TOP OF THE 9TH
Sun Prairie Swallows batting - Pitching for Tacoma Fur Traders : RHP Woo-suk Cho
Pitching: LHP Lonnie Barrett
Batting: RHB José Silva 0-0: Ground out 5-3 (Groundball, 56S)
Batting: RHB Ghislain Vespucci 0-0: Ball
1-0: SINGLE (Line Drive, 89S)
Batting: RHB Bobby Butterfield 0-0: Called Strike
0-1: Ball
1-1: Ball
2-1: Foul Ball, location: 2F
2-2: Fly out, F9 (Flyball, 9LM)
Batting: RHB Luis Hernández 0-0: SINGLE (Line Drive, 4M)
Ghislain Vespucci to second
Batting: RHB José Sánchez 0-0: Called Strike
0-1: Ball
1-1: Fielders Choice at 2nd, 6-4 (Groundball, 6)
Top of the 9th over - 0 run(s), 2 hit(s), 0 error(s), 1 left on base; Sun Prairie 1 - Tacoma 3
Friday, December 30th, 2016 - OOTP Baseball 17.12 Build 75